 Dungeon Crawl Stone Soup version 0.29.1-13-g9f3cf754e1 (webtiles) character file.

Game seed: 4484777039641209405

899 H0rd4k the Insei (level 8, 0/54 HPs)
             Began as an Octopode Artificer on Feb 6, 2023.
             Was an Initiate of Gozag.
             Slain by an iguana (9 damage)
             ... on level 5 of the Dungeon.
             The game lasted 00:04:52 (5384 turns).

H0rd4k the Insei (Octopode Artificer)               Turns: 5384, Time: 00:04:52

Health: 0/54       AC:  1    Str: 12    XL:     8   Next: 7%
Magic:  22/22      EV: 18    Int: 15    God:    Gozag
Gold:   303        SH:  0    Dex: 18    Spells: 14/14 levels left

rFire   . . .      SeeInvis .     - Unarmed
rCold   . . .      Faith    .   (no shield)
rNeg    + + .      Spirit   .   (helmet restricted)
rPois   .          Reflect  .   (no amulet)
rElec   .          Harm     .   r - +4 ring of evasion
rCorr   .          Rampage  .   p - +6 ring of dexterity
Will    .....                   o - ring of positive energy
Stlth   +++.......              q - ring of magical power
HPRegen 0.18/turn               u - ring of positive energy
MPRegen 0.18/turn               (no ring)
                                (no ring)
                                (no ring)

@: gold aura
A: almost no armour, amphibious, 8 rings, camouflage 1, gelatinous body 1,
(nimble swimmer 1), tentacles
a: Renounce Religion, Potion Petition, Call Merchant, Bribe Branch


You were on level 5 of the Dungeon.
You worshipped Gozag.
Gozag was aware of your devotion.
You visited 2 branches of the dungeon, and saw 7 of its levels.

You collected 388 gold pieces.
You paid 85 gold pieces to Gozag.

Inventory:

Missiles
 j - 18 poisoned darts (quivered)
Magical Staves
 n - a staff of fire
Jewellery
 o - a ring of positive energy (on tentacle)
 p - a +6 ring of dexterity (right tentacle)
 q - a ring of magical power (on tentacle)
 r - a +4 ring of evasion (left tentacle)
 u - a ring of positive energy (on tentacle)
Wands
 c - a wand of charming (10)
 d - a wand of iceblast (4)
Scrolls
 f - a scroll of silence {unknown}
 g - a scroll of amnesia {unknown}
 h - 5 scrolls of poison {unknown}
 k - 3 scrolls of butterflies {unknown}
 s - a scroll of torment {unknown}
 v - a scroll of blinking {unknown}
 x - a scroll of vulnerability {unknown}
 y - a scroll of teleportation {unknown}
 B - a scroll of identify {unknown}
Potions
 a - a potion of lignification {unknown}
 b - 2 potions of resistance {unknown}
 e - a potion of might {unknown}
 i - 6 potions of curing {unknown}
 l - a potion of brilliance {unknown}
 m - a potion of degeneration {unknown}
 t - 2 potions of heal wounds {unknown}
 w - a potion of cancellation {unknown}
 z - a potion of invisibility {unknown}
 A - a potion of berserk rage {unknown}


   Skills:
 * Level 3.9 Fighting
 + Level 0.9 Throwing
 - Level 2.3 Dodging
 - Level 1.3 Stealth
 + Level 6.4 Unarmed Combat
 * Level 3.6 Spellcasting
 - Level 3.2 Evocations


You had 14 spell levels left.
You didn't know any spells.
Your spell library was empty.

Dungeon Overview and Level Annotations

Branches:
Dungeon (6/15)             Temple (1/1) D:5

Altars:
Ashenzari
Cheibriados
Dithmenos
Elyvilon
Fedhas
Gozag
Hepliaklqana
Makhleb
Nemelex Xobeh
Ru
Sif Muna
Trog
Uskayaw
Vehumet
Wu Jian
Xom
Zin
The Shining One

Shops:
D:5 =

Annotations:
D:5 exclusion: steam dragon


Innate Abilities, Weirdness & Mutations

You cannot wear most types of armour.
You are amphibious.
You can wear up to eight rings at the same time.
Your skin changes colour to match your surroundings (Stealth+).
Your rubbery body absorbs attacks. (AC +1, EV +1)
((You are camouflaged when in or above water. (Stealth+)))
You have tentacles for arms and can constrict up to eight enemies at once.


Message History

The gnoll attacks as you move away! The gnoll hits you with a +0 whip.
The iguana closely misses you. The iguana attacks as you move away!
The iguana barely misses you. The gnoll attacks as you move away!
The gnoll hits you with a +0 whip!
The iguana looks more healthy.
There is a stone staircase leading up here.
The gnoll is distracted by your dazzling golden aura.
The gnoll completely misses you. The iguana completely misses you.
The gnoll shouts!
You climb upwards.
Level annotation: exclusion: steam dragon Your attacks no longer feel as feeble.
There is a stone staircase leading down here.
You tentacle-slap the gnoll.
The gnoll is no longer distracted by gold.
Your grab misses the gnoll.
The gnoll is heavily wounded.
The gnoll barely misses you.
You barely miss the gnoll. You grab the gnoll.
The gnoll is heavily wounded.
You constrict the gnoll. The iguana bites you! The gnoll barely misses you.
You tentacle-slap the gnoll. You squeeze the gnoll.
The gnoll is severely wounded.
You constrict the gnoll. The iguana barely misses you.
The gnoll hits you with a +0 whip.
You completely miss the gnoll.
The gnoll is almost dead.
You constrict the gnoll.
The iguana bites you but does no damage.
The gnoll hits you with a +0 whip!
You tentacle-slap the gnoll.
You kill the gnoll!
The iguana bites you!
* * * LOW HITPOINT WARNING * * *
You tentacle-slap the iguana. You grab the iguana.
The iguana is moderately wounded.
You constrict the iguana, but do no damage.
The iguana bites you!
You die...
Your body crumbles into a pile of gold.

########### #.........#
######### #.#######.#
#....<..# #.# #.# #.#####.#
##.## #.# #.# ##.##
####...######.# #.# ##.#.##
#..............
#.###.###.###.#....######..
#.#..## ##@$..#.#.## #..
#.#.#.###l#####.#.# #..
#.#.##.#.## #.#.#######..
#....##.#######.#..........
#.......# #.....#########..
##...#### #.##### #.. ##.##
#.# ##.. #.# #.# #...
#.#######.############..#


You could see an iguana.

Vanquished Creatures
  A black bear (D:4)
  An orc warrior (D:5)
  2 ogres (D:5)
  A scorpion (D:5)
  2 howler monkeys
  A jelly (D:4)
  A hound (D:5)
  2 iguanas
  3 orc wizards
  6 adders
  A gnoll (D:5)
  3 dart slugs
  14 orcs
  2 ball pythons
  10 endoplasms
  2 giant cockroaches
  14 goblins
  7 hobgoblins
  10 kobolds
  5 quokkas
  2 bats
  8 frilled lizards
  4 rats
102 creatures vanquished.

Vanquished Creatures (collateral kills)
  A hound (D:5)
  An adder (D:4)
  An orc (D:5)
  3 endoplasms (D:4)
  A goblin (D:4)
  2 hobgoblins (D:4)
  A quokka (D:4)
  A ball python (D:4)
11 creatures vanquished.

Grand Total: 113 creatures vanquished

Notes
Turn   | Place    | Note
-------+----------+-------------------------------------------
     0 | D:1      | H0rd4k the Octopode Artificer began the quest for the Orb.
     0 | D:1      | Reached XP level 1. HP: 13/13 MP: 1/1
    63 | D:1      | Reached XP level 2. HP: 17/18 MP: 1/3
    65 | D:1      | Reached skill level 1 in Spellcasting
   469 | D:1      | Reached XP level 3. HP: 19/24 MP: 3/5
   871 | D:2      | Reached skill level 1 in Unarmed Combat
  1034 | D:2      | Reached XP level 4. HP: 28/29 MP: 6/6
  2249 | D:3      | Reached skill level 2 in Unarmed Combat
  2258 | D:3      | Reached XP level 5. HP: 17/35 MP: 6/8
  2748 | D:4      | Reached skill level 3 in Unarmed Combat
  2993 | D:4      | Found a broken altar of Ashenzari.
  3039 | D:4      | Noticed a black bear
  3154 | D:4      | Killed a black bear
  3155 | D:4      | Reached skill level 4 in Unarmed Combat
  3155 | D:4      | Reached XP level 6. HP: 23/42 MP: 10/10
  3989 | D:5      | Entered Level 5 of the Dungeon
  4050 | D:5      | Found a staircase to the Ecumenical Temple.
  4060 | D:5      | Reached XP level 7. HP: 46/46 MP: 11/11
  4075 | Temple   | Entered the Ecumenical Temple
  4133 | Temple   | Became a worshipper of Gozag Ym Sagoz the Greedy
  4160 | D:5      | Reached skill level 5 in Unarmed Combat
  4339 | D:5      | Noticed a steam dragon
  4788 | D:5      | Found Ateof's Jewellery Emporium.
  4880 | D:5      | Reached skill level 6 in Unarmed Combat
  5316 | D:5      | Reached XP level 8. HP: 54/54 MP: 13/13
  5384 | D:5      | Slain by an iguana

Illustrated notes

Levels and vault maps discovered:
D:1:      minmay_arrival_shoal_huts, layout_rooms
D:2:      layout_rooms
D:3:      layout_loops_ring, minmay_cut_off
D:4:      minmay_opposing_rooms, layout_rooms, nicolae_ashenzari_skybound,
          chequers_jeans, hangedman_decor_diamond_cutter, grunt_ministairs_7,
          minmay_crystal_room
D:5:      layout_loops_ring, minmay_temple_entry_mini_moons, serial_shops, shop
D:6:      layout_rooms
Temple:   nicolae_temple_bog_church

Skill      XL: |  1  2  3  4  5  6  7 |
---------------+----------------------+-----
Spellcasting   | 1 2 3 |  3.6
Fighting       | 2 3 |  3.9
Unarmed Combat | 1 2 4 6 |  6.4
Throwing       | |  0.9
Dodging        | |  2.3
Stealth        | |  1.3
Evocations     | |  3.2

Action                   |  1- 3 |  4- 6 |  7- 9 || total
-------------------------+-------+-------+-------++-------
Melee: Unarmed           |    76 |   115 |    54 ||   245
       Constrict         |    22 |    29 |    12 ||    63
       Tentacles         |    19 |    36 |    11 ||    66
       Punch             |     2 |     2 |     2 ||     6
Throw: Dart              |       |       |    25 ||    25
Evoke: Wand              |       |    19 |     2 ||    21
 Stab: Sleeping          |     7 |    15 |     1 ||    23
       Distracted        |       |     1 |       ||     1
Armor: Skin              |     5 |     3 |     3 ||    11
Dodge: Dodged            |    44 |    62 |    35 ||   141
